 Dungeon Crawl Stone Soup version 0.28-a0-863-g8cecda6153 (webtiles) character file.

Game seed: 12930628583080558202

194 siradein the Skirmisher (level 5, 0/42 HPs)
             Began as a Demonspawn Fighter on Nov 18, 2021.
             Killed from afar by an orc wizard (1 damage)
             ... with a magic dart
             ... on level 3 of the Dungeon.
             The game lasted 00:06:15 (3233 turns).

siradein the Skirmisher (Demonspawn Fighter)        Turns: 3233, Time: 00:06:17

Health: 0/42       AC:  9    Str: 18    XL:     5   Next: 44%
Magic:  5/5        EV:  8    Int:  9    God:
Gold:   71         SH: 12    Dex: 12    Spells: 4/4 levels left

rFire   . . .      SeeInvis +   a - +0 long sword
rCold   + . .      Faith    .   b - +0 kite shield
rNeg    . . .      Spirit   .   j - +2 ring mail {rC+}
rPois   .          Reflect  .   i - +2 hat {SInv}
rElec   .          Harm     .   (no cloak)
rCorr   .          Rampage  .   (no gloves)
Will    .....                   (no boots)
Stlth   +.........              (no amulet)
HPRegen 0.14/turn               (no ring)
MPRegen 0.09/turn               (no ring)

@: lethally poisoned (0 -> -11)
A: antennae 1, condensation shield
a: no special abilities


You were on level 3 of the Dungeon.
You visited 1 branch of the dungeon, and saw 3 of its levels.

You collected 71 gold pieces.

Inventory:

Hand Weapons
 a - a +0 long sword (weapon)
Missiles
 e - 76 stones (quivered)
 o - 13 poisoned darts
 p - 4 javelins
Armour
 b - a +0 kite shield (worn)
 c - a +0 buckler
 i - a +2 hat of see invisible (worn)
 j - a +2 ring mail of cold resistance (worn)
Wands
 n - a wand of charming (8)
Scrolls
 f - a scroll of vulnerability {unknown}
 g - a scroll of amnesia {unknown}
 h - 3 scrolls of noise {unknown}
 k - a scroll of identify {unknown}
 l - a scroll of blinking {unknown}
 q - a scroll of enchant armour {unknown}
 r - a scroll of brand weapon {unknown}
Potions
 d - a potion of might
 m - a potion of flight {unknown}


   Skills:
 + Level 4.0 Fighting
 + Level 3.0 Long Blades
 + Level 3.6 Armour
 + Level 3.6 Shields


You had 4 spell levels left.
You didn't know any spells.
Your spell library contained the following spells:

 Spells                   Type           Power      Damage    Failure   Level
 Wereblood                Tmut           0%         N/A       99%         2
 Spider Form              Tmut/Pois      0%         N/A       100%        3
 Eringya's Noxious Bog    Tmut/Pois      0%         N/A       100%        6
 Infestation              Necr           0%         N/A       100%        8


Dungeon Overview and Level Annotations

Branches:
Dungeon (3/15)

Altars:
Nemelex Xobeh
Yredelemnul
Zin


Innate Abilities, Weirdness & Mutations

You have a pair of small antennae on your head.
A meltable shield of frost defends you. (SH +4)


Message History

You feel sick.
The orc wizard hits you but does no damage.
You are more poisoned.
Your Long Blades skill increases to level 3!
You barely miss the orc wizard.
The orc wizard is lightly wounded.
You feel very sick. You block the orc wizard's attack.
You are too injured to fight recklessly!
You are too injured to fight recklessly!
You are too injured to fight recklessly!
You are too injured to fight recklessly!
Unknown command.
You hit the orc wizard.
The orc wizard is moderately wounded.
You feel very sick. You block the orc wizard's attack. x2
You completely miss the orc wizard.
The orc wizard is moderately wounded.
You feel sick.
The orc wizard hits you with a +2 dagger of venom.
You are lethally poisoned!
You barely miss the orc wizard.
The orc wizard is moderately wounded.
* * * LOW HITPOINT WARNING * * *
You feel very sick.
The orc wizard hits you but does no damage. x2
Your shield and ring mail prevent you from hitting the orc wizard.
The orc wizard is moderately wounded.
* * * LOW HITPOINT WARNING * * *
You feel very sick.
The orc wizard hits you but does no damage.
You are more poisoned.
You closely miss the orc wizard.
The orc wizard is moderately wounded.
* * * LOW HITPOINT WARNING * * *
You feel very sick.
The orc wizard gestures at you while chanting.
The magic dart hits you.
You die...

#.# .# #. #.# .#### . #.
#.# ....#.. #... #. #.#
..... ##... #.# #.# ....
.... #.. #.# ..# ...
#.####.###).#..##. ..
#.......@oo....#.. #.
#..##.####..#..##. ##.
#..##.# #..#># ..# #..
#..##.# #..#.# #.# #..
#..##.# #..#.# #.#####..
#..##.####..#.###.##.....
#.......##...............
#....#.............#####.
#...###...........<# ##


You could see an orc wizard (invisible) and an orc.

Vanquished Creatures
  An ice beast (D:3)
  A gnoll (D:1)
  3 adders (D:2)
  An ufetubus (D:3)
  A worm (D:3)
  A dart slug (D:3)
  3 orcs (D:3)
  4 ball pythons
  4 endoplasms
  2 giant cockroaches (D:3)
  3 goblins
  3 hobgoblins
  3 jackals (D:2)
  3 quokkas (D:1)
  5 bats
  5 frilled lizards
  7 kobolds
  3 rats
53 creatures vanquished.

Notes
Turn   | Place    | Note
-------+----------+-------------------------------------------
     0 | D:1      | siradein the Demonspawn Fighter began the quest for the
                  | Orb.
     0 | D:1      | Reached XP level 1. HP: 18/18 MP: 1/1
   224 | D:1      | Gained mutation: A meltable shield of frost defends you.
                  | (SH +4) [demonic ancestry]
   224 | D:1      | Reached XP level 2. HP: 14/24 MP: 2/2
   850 | D:1      | Reached XP level 3. HP: 28/29 MP: 3/3
  1547 | D:2      | Found a basalt altar of Yredelemnul.
  1618 | D:2      | Found a faded altar of an unknown god.
  2282 | D:2      | Reached XP level 4. HP: 35/35 MP: 4/4
  2706 | D:3      | Got the Volume of Shifting Necromancy
  2851 | D:3      | Noticed an ice beast
  3157 | D:3      | Found a sparkling altar of Nemelex Xobeh.
  3184 | D:3      | Killed an ice beast
  3185 | D:3      | Reached skill level 4 in Fighting
  3185 | D:3      | Gained mutation: You have a pair of small antennae on your
                  | head. [demonic ancestry]
  3185 | D:3      | Reached XP level 5. HP: 37/42 MP: 5/5
  3233 | D:3      | HP: 1/42 [poisoned by an orc wizard]
  3233 | D:3      | Killed from afar by an orc wizard

Illustrated notes

Levels and vault maps discovered:
D:1:      dpeg_arrival_arbitrary_a, layout_basic
D:2:      layout_basic, basic_altar, nicolae_ecumenical_pavilion,
          grunt_decor_fettered
D:3:      layout_loops_ring, nemelex_diamond_rough_becter,
          mainiacjoe_overflow_alcove_4, st_stairs_10, roderic_malta_cross

Skill      XL: |  1  2  3  4  5 |
---------------+----------------+-----
Long Blades    | 2 3 |  3.0
Armour         | 3 |  3.6
Shields        | 3 |  3.6
Fighting       | 4 |  4.0

Action                   |  1- 3 |  4- 6 || total
-------------------------+-------+-------++-------
Melee: Long sword        |   128 |    57 ||   185
Armor: Scale mail        |    34 |       ||    34
       Ring mail         |    19 |    25 ||    44
Dodge: Dodged            |    46 |    14 ||    60
Block: Buckler           |    47 |       ||    47
       Kite shield       |     1 |    42 ||    43

Table legend: (Time is in decaauts)
 A = Elapsed time spent in this place.
 B = Non-inter-level travel time spent in this place.
 C = Inter-level travel time spent in this place.
 D = Time resting spent in this place.
 E = Time spent auto-exploring this place.
 F = Levels seen in this place.
 G = Mean time per level.
                   A        B        C        D        E       F      G
               +--------+--------+--------+--------+--------+-----+--------+
         Total |   3306 |   3209 |     97 |    215 |   2384 |   3 | 1102.0 |
       Dungeon |   3306 |   3209 |     97 |    215 |   2384 |   3 | 1102.0 |
               +--------+--------+--------+--------+--------+-----+--------+

Top non-repeatable levels by time:
     D:1: 1385 daAuts
     D:2: 1294 daAuts
     D:3: 626 daAuts
